 Dungeon Crawl Stone Soup version 0.29-a0-819-g94b489e0ae (webtiles) character file.

Game seed: 4154058393749964703

56 wilfster70 the Conjurer (level 3, 0/19 HPs)
             Began as a Gargoyle Conjurer on July 6, 2022.
             Slain by a goblin
             ... wielding a +2 dagger of protection
              (1 damage)
             ... on level 2 of the Dungeon.
             The game lasted 00:05:59 (1873 turns).

wilfster70 the Conjurer (Gargoyle Conjurer)         Turns: 1873, Time: 00:06:00

Health: 0/19       AC:  6    Str: 10    XL:     3   Next: 95%
Magic:  2/7        EV: 11    Int: 20    God:
Gold:   130        SH:  0    Dex:  8    Spells: 2/7 levels left

rFire   . . .      SeeInvis .   a - +1 dagger (vamp)
rCold   . . .      Faith    .   (no shield)
rNeg    + . .      Spirit   .   f - +1 robe
rPois   ∞          Reflect  .   (no helmet)
rElec   +          Harm     .   (no cloak)
rCorr   .          Rampage  .   (no gloves)
Will    .....                   (no boots)
Stlth   ++........              (no amulet)
HPRegen 0.06/turn               (no ring)
MPRegen 0.10/turn               (no ring)

@: no status effects
A: sickness immunity, AC +3, negative energy resistance 1, electricity
resistance, torment resistance 1, petrification resistance
a: no special abilities


You were on level 2 of the Dungeon.
You visited 1 branch of the dungeon, and saw 2 of its levels.

You collected 130 gold pieces.

Inventory:

Hand Weapons
 a - a +1 vampiric dagger (weapon)
Armour
 f - a +1 robe (worn)
Magical Staves
 i - a staff of death
Scrolls
 g - a scroll of teleportation
Potions
 b - a potion of magic
 c - a potion of might
 d - a potion of curing
 e - a potion of lignification {unknown}
 h - 2 potions of ambrosia
 j - a potion of invisibility {unknown}


   Skills:
 - Level 1.5 Dodging
 - Level 2.1 Stealth
 + Level 2.8 Spellcasting
 - Level 5.0 Conjurations
 + Level 1.3 Translocations


You had 2 spell levels left.
You knew the following spells:

 Your Spells              Type           Power      Damage    Failure   Level
a - Magic Dart            Conj           88%        1d7       1%          1
b - Searing Ray           Conj           44%        2d6       2%          2
c - Blink                 Tloc           16%        N/A       13%         2

Your spell library contained the following spells:

 Spells                   Type           Power      Damage    Failure   Level
 Dazzling Flash           Conj/Hex       24%        N/A       16%         3
 Lesser Beckoning         Tloc           8%         N/A       26%         3
 Iskenderun's Mystic Bla  Conj/Tloc      15%        2d5       36%         4
 Fulminant Prism          Conj/Hex       6%         3d7       45%         4
 Manifold Assault         Tloc           8%         N/A       93%         5


Dungeon Overview and Level Annotations

Branches:
Dungeon (2/15)

Altars:

Shops:
D:2 =


Innate Abilities, Weirdness & Mutations

You are immune to sickness and miasma.
Your stone body is resilient. (AC +3)
You are immune to poison.
You resist negative energy. (rN+)
You are resistant to electric shocks. (rElec)
You are resistant to unholy torment.
You are immune to petrification.


Message History

The searing ray hits the goblin but does no damage.
The goblin is heavily wounded. (Press . to maintain the ray.)
The goblin hits you but does no damage.
You hit the goblin but do no damage.
The goblin is heavily wounded.
The goblin closely misses you.
You hit the goblin but do no damage.
The goblin is heavily wounded.
The goblin barely misses you.
You hit the goblin.
You feel better.
The goblin is severely wounded.
The goblin closely misses you.
A giant cockroach comes into view.
You closely miss the goblin.
The goblin is severely wounded.
The goblin barely misses you.
You hit the goblin but do no damage.
The goblin is severely wounded.
The goblin closely misses you.
You barely miss the goblin.
The goblin is severely wounded.
The goblin hits you but does no damage.
You hit the goblin but do no damage.
The goblin is severely wounded.
The giant cockroach falls through a shaft!
The shaft crumbles and collapses.
The goblin hits you with a +2 dagger of protection.
You closely miss the goblin.
The goblin is severely wounded.
The goblin hits you with a +2 dagger of protection.
* * * LOW HITPOINT WARNING * * *
You barely miss the goblin.
The goblin is severely wounded.
The goblin hits you with a +2 dagger of protection.
* * * LOW HITPOINT WARNING * * *
The goblin attacks as you move away! The goblin misses you.
The goblin attacks as you move away!
The goblin hits you with a +2 dagger of protection.
You die...

######## #......#
#.####.# #.# #.#
#########.####.####
#.#...........##...<#
#....†......#.#######
#..)#.......#g#
......##.#####.#@#
...... #.# #.#.#
##... #.# #.#.# ###+
#.# #.#.# #.# ..#.#
#.# #.# #### #.# #.#
...# #.# #.# ...# #.#


You could see a goblin.

Vanquished Creatures
  2 adders (D:2)
  2 ball pythons
  5 endoplasms
  A giant cockroach (D:1)
  5 goblins
  2 hobgoblins (D:1)
  2 jackals (D:1)
  2 quokkas
  3 bats
  5 frilled lizards
  6 kobolds
  2 rats
37 creatures vanquished.

Vanquished Creatures (others)
  2 plants (D:1)
2 creatures vanquished.

Grand Total: 39 creatures vanquished

Notes
Turn   | Place    | Note
-------+----------+-------------------------------------------
     0 | D:1      | wilfster70 the Gargoyle Conjurer began the quest for the
                  | Orb.
     0 | D:1      | Reached XP level 1. HP: 10/10 MP: 3/3
   263 | D:1      | Reached XP level 2. HP: 15/15 MP: 0/5
   735 | D:1      | Reached skill level 5 in Conjurations
   812 | D:1      | Learned a level 2 spell: Searing Ray
   815 | D:1      | Learned a level 2 spell: Blink
  1105 | D:1      | Reached XP level 3. HP: 18/19 MP: 2/6
  1428 | D:2      | Reached skill level 1 in Translocations
  1545 | D:2      | Found Atwymak's Jewellery Boutique.
  1873 | D:2      | Slain by a goblin

Illustrated notes

Levels and vault maps discovered:
D:1:      dpeg_arrival_long_road, layout_loops_cross, serial_forest,
          infiniplex_forest_clump_double, infiniplex_forest_lined_3,
          infiniplex_forest_lined_1, infiniplex_forest_lined_room_,
          infiniplex_forest_pool, infiniplex_forest_corner_1,
          infiniplex_forest_fountain, minmay_curled_crystal
D:2:      layout_basic, serial_shops, shop,
          shapermc_ecumenical_altar_flowoftime, basic_altar,
          minmay_split_cup_small

Skill      XL: |  1  2  3 |
---------------+----------+-----
Conjurations   | 5 |  5.0
Translocations | 1 |  1.3
Dodging        | |  1.5
Stealth        | |  2.1
Spellcasting   | |  2.8

Action                   || total
-------------------------++-------
Melee: Short sword       ||     8
       Dagger            ||    31
 Cast: Magic Dart        ||    61
       Searing Ray       ||     8
  Use: Scroll            ||     8
 Stab: Sleeping          ||     1
Armor: Robe              ||    19
Dodge: Dodged            ||    27

Table legend: (Time is in decaauts)
 A = Elapsed time spent in this place.
 B = Non-inter-level travel time spent in this place.
 C = Inter-level travel time spent in this place.
 D = Time resting spent in this place.
 E = Time spent auto-exploring this place.
 F = Levels seen in this place.
 G = Mean time per level.
                   A        B        C        D        E       F      G
               +--------+--------+--------+--------+--------+-----+--------+
         Total |   1873 |   1849 |     24 |    633 |    630 |   2 |  936.5 |
       Dungeon |   1873 |   1849 |     24 |    633 |    630 |   2 |  936.5 |
               +--------+--------+--------+--------+--------+-----+--------+

Top non-repeatable levels by time:
     D:1: 1193 daAuts
     D:2: 679 daAuts
